 Dungeon Crawl Stone Soup version 0.30.1-3-gfc49f6343a (webtiles) character file.

Game seed: 3904788493486859809

1510 Fodor the Covered (level 8, -3/70 HPs)
             Began as a Minotaur Fighter on Aug 2, 2023.
             Killed from afar by a gargoyle (15 damage)
             ... with a stone arrow
             ... on level 6 of the Dungeon.
             The game lasted 00:18:52 (4389 turns).

Fodor the Covered (Minotaur Fighter)                Turns: 4389, Time: 00:18:53

Health: -3/70      AC: 11    Str: 22    XL:     8   Next: 53%
Magic:  7/7        EV:  8    Int:  5    God:
Gold:   285        SH:  9    Dex: 11    Spells: 7/7 levels left

rFire   . . .        i - +4 whip (drain)
rCold   . . .        g - +0 kite shield
rNeg    . . .        B - +0 chain mail
rPois   .            (helmet restricted)
rElec   .            (no cloak)
rCorr   .            l - +0 pair of gloves
SInv    .            (no boots)
Will    .....        (no amulet) Stlth
                     (no ring)
HPRegen 0.31/turn    (no ring)
MPRegen 0.10/turn

%: no passive effects
@: no status effects
A: horns 2, retaliatory headbutt
a: no special abilities


You were on level 6 of the Dungeon.
You visited 1 branch of the dungeon, and saw 6 of its levels.
You also visited: Sewer.

You collected 285 gold pieces.

Inventory:

Hand Weapons
 a - a +0 long sword
 i - a +4 whip of draining (weapon)
 t - a +0 halberd of freezing
Missiles
 A - a throwing net (quivered)
Armour
 g - a +0 kite shield (worn)
 l - a +0 pair of gloves (worn)
 B - a +0 chain mail (worn)
Jewellery
 u - a ring of protection from fire
 x - a +6 ring of strength
Wands
 p - a wand of polymorph (11)
Scrolls
 c - a scroll of fear {unknown}
 e - 9 scrolls of identify {unknown}
 f - 6 scrolls of teleportation {unknown}
 h - 2 scrolls of noise {unknown}
 m - a scroll of torment {unknown}
 n - a scroll of vulnerability {unknown}
 o - a scroll of brand weapon {unknown}
 r - a scroll of blinking {unknown}
 w - a scroll of amnesia {unknown}
 y - a scroll of butterflies {unknown}
 C - a scroll of fog {unknown}
 D - a scroll of acquirement {unknown}
 E - a scroll of immolation {unknown}
 I - a scroll of magic mapping {unknown}
Potions
 b - a potion of invisibility {unknown}
 d - 4 potions of might
 j - 2 potions of haste {unknown}
 k - 3 potions of curing
 q - a potion of heal wounds {unknown}
 s - 2 potions of mutation {unknown}
 v - 2 potions of cancellation {unknown}
 z - a potion of flight {unknown}
 F - a potion of brilliance {unknown}
 G - a potion of degeneration {unknown}
 H - 2 potions of lignification {unknown}


   Skills:
 + Level 6.3 Fighting
 + Level 4.1 Long Blades
 + Level 7.0 Maces & Flails
 + Level 7.2 Armour
 + Level 2.4 Dodging
 + Level 0.6 Stealth
 + Level 6.0 Shields


You had 7 spell levels left.
You didn't know any spells.
Your spell library contained the following spells:

 Spells                   Type           Power      Damage    Failure   Level
 Apportation              Tloc           0%         N/A       99%         1
 Magic Dart               Conj           0%         1d3       99%         1
 Necrotise                Necr           0%         1d4       99%         1
 Summon Small Mammal      Summ           0%         N/A       99%         1
 Searing Ray              Conj           0%         2d4       100%        2
 Fulminant Prism          Conj/Hex       0%         3d5       100%        4


Dungeon Overview and Level Annotations

Branches:
Dungeon (6/15)             Temple (0/1) D:5           Sewer (visited)

Altars:


Innate Abilities, Weirdness & Mutations

You have a pair of horns on your head.
You reflexively headbutt those who attack you in melee.


Message History

The adder bites you.
You completely miss the adder.
The adder is moderately wounded.
The adder closely misses you.
You whack the adder!
You kill the adder!
You see here an adder corpse.
You see here an adder corpse.
Found 15 gold pieces.
You now have 285 gold pieces (gained 15).
Found 6 stones.
Found 9 gold pieces.
You see here 6 stones.
A gargoyle comes into view. It is wielding a +0 flail.
An orc comes into view. It is wielding a +0 trident.
The orc shouts!
You hear a shout!
A hound comes into view.
The orc moves out of view.
You see here a scroll labelled HIEDGH DENIOMM.
The gargoyle hurls a stone arrow at you.
The stone arrow hits you!
You barely miss the gargoyle. You headbutt the gargoyle!
The gargoyle is moderately damaged.
The gargoyle hits you with a +0 flail. You block the orc's attack.
You hit the gargoyle.
The gargoyle is heavily damaged.
You hit the gargoyle. Your headbutt misses the gargoyle.
The gargoyle is heavily damaged.
The gargoyle hits you with a +0 flail! The orc completely misses you.
You hit the gargoyle but do no damage.
You headbutt the gargoyle, but do no damage.
The gargoyle is heavily damaged.
The orc hits you from afar with a +0 trident.
The gargoyle hurls a stone arrow at you.
The stone arrow hits you!!
* * * LOW HITPOINT WARNING * * *
It was a potion of curing.
You feel better.
The gargoyle hurls a stone arrow at you.
The stone arrow hits you!
You die...

h..#.....### #.#
#..$#..#(..# #.#
..#.....#.###########.#
..#.9.#..#..........†..#
......#..# ##########..#
.........# #..........#
#######o## #.#######.##
#####9# #.# #.# #...#@#
#.# #.# # #..#####.# #.#
#. #........# #.#
###.###.######## #.#
........# #.## #####...#
#... #...# #... .##
#...# ########.##
.....###...# #........#


You could see a gargoyle and an orc.

Vanquished Creatures
  Sigmund (D:2)
  A steam dragon (D:6)
  A black bear (D:6)
  An ice beast (D:5)
  2 ogres
  3 scorpions (D:5)
  A gnoll sergeant (D:3)
  4 hounds (D:5)
  4 iguanas
  3 sleepcaps
  2 orc wizards (D:5)
  A hell rat (Sewer)
  7 gnolls (D:3)
  9 adders
  A river rat (Sewer)
  2 worms
  2 dart slugs (D:4)
  10 orcs
  8 bats
  2 endoplasms (D:2)
  5 giant cockroaches
  9 goblins (D:2)
  8 hobgoblins
  8 quokkas
  7 ball pythons
  6 frilled lizards
  3 kobolds
  15 rats
126 creatures vanquished.

Notes
Turn   | Place    | Note
-------+----------+-------------------------------------------
     0 | D:1      | Fodor the Minotaur Fighter began the quest for the Orb.
     0 | D:1      | Reached XP level 1. HP: 19/19 MP: 0/0
   215 | D:1      | Reached XP level 2. HP: 24/27 MP: 1/1
   895 | D:2      | Reached XP level 3. HP: 32/33 MP: 2/2
   980 | D:2      | Noticed Sigmund
   988 | D:2      | Killed Sigmund
   989 | D:2      | Reached skill level 1 in Maces & Flails
   989 | D:2      | Reached skill level 1 in Dodging
   989 | D:2      | Reached XP level 4. HP: 16/41 MP: 3/3
   989 | D:2      | Reached XP level 5. HP: 18/47 MP: 4/4
  1795 | D:3      | Reached skill level 5 in Armour
  1936 | D:3      | Reached XP level 6. HP: 40/55 MP: 5/5
  1947 | D:3      | Found the +5 woodcutter's axe
  1956 | D:3      | Reached skill level 5 in Fighting
  2521 | D:4      | Reached XP level 7. HP: 61/61 MP: 6/6
  2819 | D:4      | Found a glowing drain.
  2841 | Sewer    | Entered a sewer
  3014 | D:5      | Entered Level 5 of the Dungeon
  3284 | D:5      | Reached skill level 5 in Shields
  3445 | D:5      | Found a staircase to the Ecumenical Temple.
  3675 | D:5      | Reached skill level 5 in Maces & Flails
  3692 | D:5      | Reached XP level 8. HP: 47/70 MP: 7/7
  4377 | D:6      | Noticed a gargoyle
  4388 | D:6      | HP: 1/70 [gargoyle/stone arrow (33)]
  4389 | D:6      | Killed from afar by a gargoyle

Illustrated notes

Levels and vault maps discovered:
D:1:      dpeg_arrival_boxes_within_box, layout_rooms, minmay_pentomino_o4
D:2:      cheibrodos_greedy_goblins, layout_basic, uniq_sigmund
D:3:      layout_rooms, interstate_on_off, kennysheep_donut,
          pf_guarded_unrand_woodcutter
D:4:      layout_cave_pools, cheibrodos_sewer_entry_bend,
          kennysheep_generic_room_8
D:5:      minmay_chambers_of_threes, layout_loops_ring,
          minmay_temple_entry_slanted, kennysheep_cross_room
D:6:      cheibrodos_fzero, layout_loops_ring

Skill      XL: |  1  2  3  4  5  6  7  8 |
---------------+-------------------------+-----
Shields        | 4 5 6 |  6.0
Fighting       | 4 5 6 |  6.3
Long Blades    | 3 4 |  4.1
Maces & Flails | 1 2 4 5 7 |  7.0
Armour         | 4 5 6 7 |  7.2
Dodging        | 1 2 |  2.4
Stealth        | |  0.6

Action                     |  1- 3 |  4- 6 |  7- 9 || total
---------------------------+-------+-------+-------++-------
  Melee: Long sword        |    41 |       |       ||    41
         Whip              |    18 |   125 |   139 ||   282
         Headbutt          |     5 |    19 |    29 ||    53
    Use: Potion            |       |       |     1 ||     1
 Armour: Scale mail        |    32 |    39 |     4 ||    75
         Chain mail        |       |       |    43 ||    43
  Dodge: Dodged            |    36 |    36 |    31 ||   103
  Block: Buckler           |     6 |       |       ||     6
         Kite shield       |    10 |    43 |    53 ||   106
